 Dungeon Crawl Stone Soup version 0.19.0-2-gae57169 (webtiles) character file.

185 Banto the Slasher (level 5, 0/34 HPs)
             Began as a High Elf Skald on Nov 7, 2016.
             Slain by an iguana (13 damage)
             ... on level 4 of the Dungeon.
             The game lasted 00:03:06 (1905 turns).

Banto the Slasher (High Elf Skald)                  Turns: 1905, Time: 00:03:07

Health: 0/34       AC:  4    Str: 11    XL:     5   Next: 37%
Magic:  2/9        EV: 14    Int: 16    God:
Gold:   77         SH:  0    Dex: 15    Spells: 3 memorised, 3 levels left

rFire  . . .     SeeInvis .     a - +0 falchion
rCold  . . .     Gourm    .     b - +0 leather armour
rNeg   . . .     Faith    .     (no shield)
rPois  +         Spirit   .     (no helmet)
rElec  .         Reflect  .     (no cloak)
rCorr  .         Harm     .     (no gloves)
MR     .....                    i - +0 pair of boots (curse)
Stlth  +.........               (no amulet)
                                (no ring)
                                o - ring of poison resistance

@: infused
A: no striking features
a: no special abilities


You were on level 4 of the Dungeon.
You were hungry.

You visited 1 branch of the dungeon, and saw 3 of its levels.

You collected 77 gold pieces.

Inventory:

Hand Weapons
 a - a +0 falchion (weapon)
Armour
 b - a +0 leather armour (worn)
 i - a cursed +0 pair of boots (worn)
Jewellery
 o - a ring of poison resistance (left hand)
Scrolls
 e - a scroll of random uselessness {unknown}
 g - a scroll of remove curse
 h - a scroll of fear
 m - a scroll of fog {unknown}
 n - 2 scrolls of noise {unknown}
 q - 2 scrolls of identify
 r - a scroll of amnesia {unknown}
Potions
 k - a potion of heal wounds
 l - a potion of brilliance
 s - 2 potions of ambrosia {unknown}
Books
 c - a book of Battle

   Spells                             Type                      Level
   a - Infusion                       Charms                       1
   b - Shroud of Golubria             Charms/Translocation         2
   c - Song of Slaying                Charms                       2
   d - Spectral Weapon                Hexes/Charms                 3
   e - Regeneration                   Charms/Necromancy            3
Comestibles
 d - 2 bread rations
 f - a beef jerky
 j - a meat ration
 p - 2 chunks of flesh


   Skills:
 - Level 2.0 Fighting
 + Level 5.1 Long Blades
 - Level 0.8 Armour
 + Level 4.1 Dodging
 - Level 2.4 Spellcasting
 - Level 3.6 Charms


You had 3 spell levels left.
You knew the following spells:

 Your Spells              Type           Power        Failure   Level  Hunger
a - Infusion              Chrm           ##..         8%          1    #......
b - Song of Slaying       Chrm           ##......     12%         2    ###....
c - Shroud of Golubria    Chrm/Tloc      #.........   21%         2    ###....


Dungeon Overview and Level Annotations

Branches:
Dungeon (2/15)

Altars:
Hepliaklqana
Qazlal


Message History

You now have 4/9 mp.
Casting: Shroud of Golubria
Confirm with . or Enter, or press ? or * to list all spells.
You begin infusing your attacks with magical energy.
The jackal skeleton completely misses you.
The iguana closely misses you.
You now have 3/9 mp.
You hit the iguana.
The iguana is lightly wounded.
The jackal skeleton bites you.
Your shroud falls apart!
The orc misses you. The iguana bites you.
You take 2 damage, and have 13/34 hp.
You now have 2/9 mp.
You hit the iguana but do no damage.
The iguana is lightly wounded.
The orc closely misses you.
You riposte.
You hit the orc but do no damage.
The jackal skeleton bites you but does no damage.
The orc misses you.
You riposte.
You hit the orc but do no damage. The iguana bites you!
You die...

##....##....#
#....####...#
#######...## #..##
#...##....# #..#
.........## #..#
........## ##.#
.......## #.#
.......# ##l#
.......# #o@#
....[..# #Zo#
(......# #..#
.....o.## ##.#
........# #####..##
.......####o......#
.....##......####..#
.........##### ##.#
##)).##### #..


You could see an iguana, 2 orcs and a jackal skeleton.

Vanquished Creatures
  Blork the orc (D:4)
  A crimson imp (D:4)
  An orc priest (D:4)
  An adder (D:4)
  An ooze (D:2)
  2 leopard geckos
  2 orcs (D:4)
  2 ball pythons
  A giant cockroach (D:2)
  8 goblins
  4 hobgoblins (D:1)
  5 jackals (D:2)
  4 kobolds
  3 bats (D:1)
  4 rats
40 creatures vanquished.

Notes
Turn   | Place    | Note
-------+----------+-------------------------------------------
     0 | D:1      | Banto the High Elf Skald began the quest for the Orb.
     0 | D:1      | Reached XP level 1. HP: 14/14 MP: 4/4
   319 | D:1      | Reached skill level 3 in Long Blades
   319 | D:1      | Reached XP level 2. HP: 13/19 MP: 1/6
  1023 | D:2      | Reached XP level 3. HP: 24/24 MP: 1/7
  1059 | D:2      | Found a hazy altar of Hepliaklqana.
  1202 | D:2      | Found a stormy altar of Qazlal.
  1547 | D:2      | You fall through a shaft for 2 floors!
  1591 | D:4      | Reached skill level 4 in Long Blades
  1591 | D:4      | Reached XP level 4. HP: 29/29 MP: 3/8
  1599 | D:4      | Learned a level 2 spell: Song of Slaying
  1602 | D:4      | Learned a level 2 spell: Shroud of Golubria
  1640 | D:4      | Noticed Blork the orc
  1695 | D:4      | Killed Blork the orc
  1695 | D:4      | Reached XP level 5. HP: 22/34 MP: 0/9
  1847 | D:4      | Reached skill level 5 in Long Blades
  1905 | D:4      | Slain by an iguana

Skill      XL: |  1  2  3  4  5 |
---------------+----------------+-----
Long Blades    | 3 4 5 |  5.1
Dodging        | 2 3 4 |  4.1
Fighting       | |  2.0
Armour         | |  0.8
Spellcasting   | |  2.4
Charms         | |  3.6

Action                   |  1- 3 |  4- 6 || total
-------------------------+-------+-------++-------
Melee: Falchion          |   104 |    19 ||   123
 Cast: Infusion          |     6 |     4 ||    10
       Shroud of Golubri |       |     4 ||     4
  Use: Scroll            |     4 |       ||     4
       Potion            |       |     2 ||     2
 Stab: Sleeping          |     1 |       ||     1
  Eat: Chunk             |     2 |     1 ||     3
Armor: Leather armour    |    20 |     6 ||    26
       Skin              |       |    23 ||    23
Dodge: Dodged            |    66 |    23 ||    89
       Rpst.: Falchion   |    17 |     6 ||    23

Table legend:
 A = Turns spent in this place as a percentage of turns spent in the entire game.
 B = Non-inter-level travel turns spent in this place as a percentage of non-inter-level travel turns spent in the entire game.
 C = Inter-level travel turns spent in this place as a percentage of turns spent in this place.
 D = Turns resting spent in this place as a percentage of non-inter-level travel turns spent in this place.
 E = Turns spent auto-exploring this place as a percentage of non-inter-level travel turns spent in this place.
 F = Non-inter-level travel turns spent in this place divided by the number of levels of this place that you've seen.
                   A       B       C       D       E      F
               +-------+-------+-------+-------+-------+----------------------
         Total | 100.0 | 100.0 |   0.2 |   3.1 |  10.3 | 182.0
       Dungeon | 100.0 | 100.0 |   0.2 |   3.1 |  10.3 | 182.0
               +-------+-------+-------+-------+-------+----------------------

Table legend:
 A = Kills in this place as a percentage of kills in entire the game.
 B = Kills by you in this place as a percentage of kills by you in the entire game.
 C = Kills by friends in this place as a percentage of kills by friends in the entire game.
 D = Other kills in this place as a percentage of other kills in the entire game.
 E = Experience gained in this place as a percentage of experience gained in the entire game.
 F = Experience gained in this place divided by the number of levels of this place that you have seen.
                   A       B       C       D       E      F
               +-------+-------+-------+-------+-------+----------------------
         Total | 100.0 | 100.0 |  -nan |  -nan | 100.0 |  88.3
       Dungeon | 100.0 | 100.0 |  -nan |  -nan | 100.0 |  88.3
               +-------+-------+-------+-------+-------+----------------------
